 Dungeon Crawl Stone Soup version 0.30-a0-176-gdd20fb75b6 (webtiles) character file.

Game seed: 5909864201375257659

1466 RepoMan the Slicer (level 8, -4/56 HPs)
             Began as a Mummy Brigand on Oct 1, 2022.
             Was a Believer of Fedhas.
             Slain by a gnoll sergeant
             ... wielding a +4 vorpal spear
              (11 damage)
             ... on level 6 of the Dungeon.
             The game lasted 00:30:55 (4565 turns).

RepoMan the Slicer (Mummy Brigand)                  Turns: 4565, Time: 00:30:56

Health: -4/56      AC:  8    Str: 15    XL:     8   Next: 48%
Magic:  8/8        EV: 11    Int: 10    God:    Fedhas [**....]
Gold:   1170       SH:  0    Dex: 15    Spells: 7/7 levels left

rFire   x . .      SeeInvis +    v - +1 dagger (venom)
rCold   + . .      Faith    +    (no shield)
rNeg    + + +      Spirit   .    i - +0 leather armour
rPois   ∞          Reflect  .    u - +2 hat
rElec   .          Harm     .    c - +0 cloak
rCorr   .          Rampage  .    (no gloves)
Will    +....                    n - +1 pair of boots
Stlth   +++.......               (no amulet)
HPRegen 0.29/turn                m - ring of see invisible
MPRegen 0.11/turn                (no ring)

@: no status effects
A: cold resistance 1, negative energy resistance 3, torment resistance 2, heat
vulnerability 1, in touch with death 1, no potions, faith
a: Renounce Religion, Wall of Briars


You were on level 6 of the Dungeon.
You worshipped Fedhas.
Fedhas was pleased with you.
You visited 2 branches of the dungeon, and saw 7 of its levels.
You also visited: Sewer.

You collected 1170 gold pieces.

Inventory:

Hand Weapons
 d - a +2 dagger
 s - a +0 long sword
 v - a +1 dagger of venom (weapon)
Missiles
 a - 13 poisoned darts
 e - 3 curare-tipped darts
 h - 2 boomerangs (quivered)
Armour
 c - a +0 cloak (worn)
 i - a +0 leather armour (worn)
 n - a +1 pair of boots (worn)
 u - a +2 hat (worn)
Jewellery
 b - a ring of ice
 m - a ring of see invisible (left hand)
Wands
 o - a wand of paralysis (5)
 t - a wand of polymorph (4)
 w - a wand of roots (4)
Scrolls
 f - 2 scrolls of identify
 g - 3 scrolls of enchant weapon
 j - 5 scrolls of teleportation
 k - a scroll of immolation
 l - 2 scrolls of vulnerability
 p - a scroll of blinking
 q - a scroll of enchant armour
 r - a scroll of silence


   Skills:
 - Level 2.0 Fighting
 * Level 8.2 Short Blades
 - Level 1.5 Throwing
 - Level 0.7 Dodging
 + Level 5.2 Stealth
 + Level 0.8 Invocations


You had 7 spell levels left.
You didn't know any spells.
Your spell library contained the following spells:

 Spells                   Type           Power      Damage    Failure   Level
 Magic Dart               Conj           0%         1d3       43%         1
 Necrotise                Necr           0%         1d4       43%         1
 Call Imp                 Summ           0%         N/A       56%         2
 Cigotuvi's Dreadful Rot  Necr/Pois/Air  0%         N/A       56%         2
 Poisonous Vapours        Pois/Air       0%         N/A       56%         2
 Mephitic Cloud           Conj/Pois/Air  0%         N/A       80%         3
 Vampiric Draining        Necr           0%         2d6       80%         3
 Agony                    Necr           0%         N/A       100%        5


Dungeon Overview and Level Annotations

Branches:
Dungeon (6/15)             Temple (1/1) D:4           Sewer (visited)

Altars:
Fedhas
Gozag
Nemelex Xobeh
Ru

Annotations:
D:4 exclusion: water moccasin


Innate Abilities, Weirdness & Mutations

You are immune to poison.
Your flesh is cold resistant. (rC+)
You are immune to negative energy. (rN+++)
You are immune to unholy pain and torment.
You are vulnerable to heat. (rF-)
You are in touch with the powers of death.
You do not drink.
You have a special connection with the divine. (Faith)


Message History

The gnoll sergeant is lightly wounded.
The gnoll sergeant hits you from afar with a +4 vorpal spear!
The gnoll sergeant hits you with a +4 vorpal spear.
You hit the gnoll sergeant.
The gnoll sergeant is poisoned.
The gnoll sergeant is lightly wounded.
The gnoll sergeant hits you with a +4 vorpal spear!
You barely miss the gnoll sergeant.
The gnoll sergeant is lightly wounded.
The gnoll sergeant completely misses you.
You hit the gnoll sergeant but do no damage.
The gnoll sergeant is moderately wounded.
You hit the gnoll sergeant.
The gnoll sergeant is moderately wounded.
The gnoll sergeant hits you with a +4 vorpal spear.
You hit the gnoll sergeant.
The gnoll sergeant looks as sick as possible!
The gnoll sergeant is heavily wounded.
You hit the gnoll sergeant.
The gnoll sergeant looks as sick as possible!
The gnoll sergeant is heavily wounded.
The gnoll sergeant hits you with a +4 vorpal spear.
You hit the gnoll sergeant but do no damage.
The gnoll sergeant looks as sick as possible!
The gnoll sergeant is severely wounded.
The gnoll sergeant hits you with a +4 vorpal spear!
* * * LOW HITPOINT WARNING * * *
x2 Unknown command.
Okay, then.
Unknown command.
Aiming: Fastroot
Press: ? - help, Shift-Dir - straight line, f/p - gnoll sergeant
Aim: a gnoll sergeant, wielding a +4 vorpal spear and wearing a +0 ring mail (severely wounded, extremely poisoned)
The roots erupt in riotous growth!
Roots grab the gnoll sergeant.
Roots grab the hound.
The grasping roots constrict the hound.
The grasping roots constrict the gnoll sergeant.
You hear a shout!
You hear a bark!
You hear a shout! x3
The gnoll sergeant hits you with a +4 vorpal spear!
You die...
Fedhas appreciates your contribution to the ecosystem.

....##.... #... #........ ..#
#... ##........ #..#
#...###.....# ..##..##
#...#.#..)..###....... ..
#..................... .g.
##.....#..)............
..###.###.....##.#.............
.....g........@gh..............
.............##....#..........
............#.##)##.....##...
.## #...#...........##..!..####.
....#..####.....#.#.##.....##...
#.............###........##...
#....<...#...##.........##...
##.##.............#.....>......
#..##............###........#..


You could see a gnoll sergeant (extremely poisoned, rooted) and a hound
(rooted).

Vanquished Creatures
  A rust devil (D:6)
  A water moccasin (Sewer)
  A sky beast (D:4)
  A necrophage (D:6)
  3 gnoll sergeants
  A scorpion (D:4)
  A howler monkey (D:6)
  4 hounds
  A jelly (D:4)
  A gnoll bouda (D:6)
  An orc priest (D:4)
  3 iguanas
  Natasha (thrice) (D:3)
  2 orc wizards (D:4)
  6 gnolls (D:6)
  A river rat (D:5)
  4 adders
  A shadow imp (D:5)
  An ufetubus (D:6)
  2 worms
  3 dart slugs
  10 orcs
  4 ball pythons
  3 bats
  4 endoplasms
  3 giant cockroaches
  4 goblins
  5 hobgoblins
  9 jackals
  A quokka (D:1)
  A frilled lizard (D:3)
  3 kobolds
  5 rats
94 creatures vanquished.

Notes
Turn   | Place    | Note
-------+----------+-------------------------------------------
     0 | D:1      | RepoMan the Mummy Brigand began the quest for the Orb.
     0 | D:1      | Reached XP level 1. HP: 16/16 MP: 1/1
   129 | D:1      | Found a faded altar of an unknown god.
   138 | D:1      | Reached skill level 2 in Short Blades
   204 | D:1      | Reached XP level 2. HP: 22/22 MP: 2/2
   703 | D:2      | Gained mutation: You are in touch with the powers of death.
                  | [Mummy growth]
   703 | D:2      | Reached XP level 3. HP: 27/27 MP: 3/3
   741 | D:2      | Reached skill level 3 in Short Blades
  1155 | D:3      | Noticed Natasha
  1167 | D:3      | Killed Natasha
  1168 | D:3      | Reached XP level 4. HP: 30/33 MP: 4/4
  1238 | D:3      | Found a blossoming altar of Fedhas.
  1246 | D:3      | Became a worshipper of Fedhas Madash
  1347 | D:3      | Noticed Natasha
  1358 | D:3      | Killed Natasha
  1439 | D:3      | Reached skill level 4 in Short Blades
  1439 | D:3      | Noticed Natasha
  1449 | D:3      | Killed Natasha
  1534 | D:3      | Found a sacrificial altar of Ru.
  1668 | D:4      | Identified a scroll of acquirement
  1684 | D:4      | Acquired 753 gold pieces
  1698 | D:4      | Noticed a water moccasin
  1705 | D:4      | Found a staircase to the Ecumenical Temple.
  1795 | D:4      | Noticed a sky beast
  1809 | D:4      | Killed a sky beast
  1810 | D:4      | Reached skill level 5 in Short Blades
  1810 | D:4      | Reached XP level 5. HP: 13/38 MP: 5/5
  2120 | D:4      | Reached * piety under Fedhas
  2140 | D:4      | Reached XP level 6. HP: 42/44 MP: 6/6
  2175 | Temple   | Entered the Ecumenical Temple
  2443 | D:4      | Reached skill level 6 in Short Blades
  2792 | D:5      | Entered Level 5 of the Dungeon
  3030 | D:5      | Reached XP level 7. HP: 50/50 MP: 7/7
  3098 | D:5      | Found a glowing drain.
  3138 | Sewer    | Entered a sewer
  3295 | D:5      | Reached ** piety under Fedhas
  3993 | D:6      | Reached skill level 7 in Short Blades
  4311 | D:6      | Found a sparkling altar of Nemelex Xobeh.
  4311 | D:6      | Found an opulent altar of Gozag.
  4332 | D:6      | Reached XP level 8. HP: 50/56 MP: 8/8
  4402 | D:6      | Noticed Grinder
  4403 | D:6      | Grinder changed into Grinder the rust devil
  4403 | D:6      | Noticed Grinder
  4426 | D:6      | Killed Grinder the rust devil
  4427 | D:6      | Reached skill level 8 in Short Blades
  4427 | D:6      | Reached skill level 5 in Stealth
  4565 | D:6      | Slain by a gnoll sergeant

Illustrated notes

Levels and vault maps discovered:
D:1:      lightli_arrival_quake, layout_rooms,
          chequers_ecumenical_altar_simple_redux,
          nicolae_kite_square_tiling_tiny
D:2:      layout_rooms, minmay_bisected
D:3:      layout_rooms, nicolae_overflow_crystal_walls, nicolae_ru_awakened_eye,
          uniq_natasha
D:4:      layout_basic, temple_fountains, kennysheep_boxes
D:5:      layout_basic, portal_sewer_entry_a
D:6:      layout_cave_pools, grunt_temple_overflow_opulence, serial_gnoll_camp,
          gnoll_camp_mini_basic, gnoll_camp_mini_hut, gnoll_camp_huts_basic,
          gnoll_camp_mini_house, uniq_grinder
Temple:   eino_wide_crystal_templ

Skill      XL: |  1  2  3  4  5  6  7  8 |
---------------+-------------------------+-----
Short Blades   | 2 3 5 6 7 8 |  8.2
Stealth        | 4 5 |  5.2
Fighting       | |  2.0
Throwing       | |  1.5
Dodging        | |  0.7
Invocations    | |  0.8

Action                   |  1- 3 |  4- 6 |  7- 9 || total
-------------------------+-------+-------+-------++-------
Melee: Dagger            |    58 |   133 |   168 ||   359
       Punch             |     1 |     2 |     3 ||     6
       Long sword        |       |       |    12 ||    12
Throw: Dart              |    11 |    30 |       ||    41
       Boomerang         |       |       |    31 ||    31
Evoke: Wand              |       |     1 |    13 ||    14
  Use: Scroll            |       |     8 |     2 ||    10
 Stab: Sleeping          |     9 |     4 |     2 ||    15
       Paralysed         |       |       |     3 ||     3
Armor: Robe              |     5 |       |       ||     5
       Leather armour    |     8 |    27 |    39 ||    74
Dodge: Dodged            |    32 |    45 |    56 ||   133

Table legend: (Time is in decaauts)
 A = Elapsed time spent in this place.
 B = Non-inter-level travel time spent in this place.
 C = Inter-level travel time spent in this place.
 D = Time resting spent in this place.
 E = Time spent auto-exploring this place.
 F = Levels seen in this place.
 G = Mean time per level.
                   A        B        C        D        E       F      G
               +--------+--------+--------+--------+--------+-----+--------+
         Total |   4490 |   4205 |    285 |    566 |   1478 |   8 |  561.2 |
       Dungeon |   4356 |   4071 |    285 |    566 |   1478 |   6 |  726.0 |
        Temple |      1 |      1 |      0 |      0 |      0 |   1 |    1.0 |
         Sewer |    132 |    132 |      0 |      0 |      0 |   1 |  132.0 |
               +--------+--------+--------+--------+--------+-----+--------+

Top non-repeatable levels by time:
     D:5: 904 daAuts
     D:4: 890 daAuts
     D:3: 739 daAuts
     D:6: 693 daAuts
     D:1: 611 daAuts
     D:2: 517 daAuts
   Sewer: 132 daAuts
  Temple: 1 daAuts
